| TOP OF THE 1ST |
|
Oakland (APP) Athletics batting - Pitching for Bluefield Blue Jays : RHP Bryan Rystrom
|
|
Pitching: RHP Bryan Rystrom
|
|
|
Batting: RHB Gabe Secundino
|
0-0: SINGLE (Groundball, 6M, EV 109.4 MPH) (infield hit)
|
|
Batting: LHB Diego Vega
|
0-0: Ball Wild Pitch! Gabe Secundino to second 1-0: Ground out 5-3 (Groundball, 56, EV 83.1 MPH)
|
|
Batting: RHB Phoctor Dill
|
0-0: Ball 1-0: Swinging Strike 1-1: Ball 2-1: Ball 3-1: Base on Balls
|
|
Batting: LHB Ben Landry
|
0-0: Called Strike 0-1: Fly out, F6 (Popup, 56, EV 76.9 MPH)
|
|
Batting: RHB Pete Goerge
|
0-0: Fly out, F7 (Flyball, 78M, EV 95.6 MPH)
|
| Top of the 1st over - 0 runs, 1 hit, 0 errors, 2 left on base; Oakland (APP) 0 - Bluefield 0 |
| BOTTOM OF THE 1ST |
|
Bluefield Blue Jays batting - Pitching for Oakland (APP) Athletics : RHP Paul Olson
|
|
Pitching: RHP Paul Olson
|
|
|
Batting: LHB Edwin Esparza
|
0-0: Ball 1-0: Ball 2-0: Foul Ball, location: 2F 2-1: Foul Ball, location: 2F 2-2: Strikes out looking
|
|
Batting: SHB Toby Patenaude
|
0-0: Ball 1-0: Reached on error, E6 (Groundball, 6MS, EV 65.6 MPH)
|
|
Batting: RHB Mark Noftall
|
0-0: Ball 1-0: Swinging Strike 1-1: SINGLE (Groundball, 5S, EV 66.9 MPH) (infield hit) Toby Patenaude to second
|
|
Batting: RHB Cedric Nicholls
|
0-0: Called Strike 0-1: Swinging Strike 0-2: Strikes out swinging
|
|
Batting: RHB Tom Bergman
|
0-0: Ball 1-0: Ball 2-0: Fly out, F8 (Flyball, 8RM, EV 87.5 MPH)
|
| Bottom of the 1st over - 0 runs, 1 hit, 1 error, 2 left on base; Oakland (APP) 0 - Bluefield 0 |
| TOP OF THE 2ND |
|
Oakland (APP) Athletics batting - Pitching for Bluefield Blue Jays : RHP Bryan Rystrom
|
|
Batting: RHB Toyohiko Nakajima
|
0-0: Ground out 5-3 (Groundball, 56, EV 84.4 MPH)
|
|
Batting: SHB Raul Herrera
|
0-0: Foul Ball, location: 2F 0-1: Foul Ball, location: 2F 0-2: Ball 1-2: Ball 2-2: Ball 3-2: Ground out 6-3 (Groundball, 6D, EV 86.9 MPH)
|
|
Batting: LHB Bryan Hodensack
|
0-0: Called Strike 0-1: Ball 1-1: Foul Ball, location: 2F 1-2: Ball 2-2: Strikes out swinging
|
| Top of the 2nd over - 0 runs, 0 hits, 0 errors, 0 left on base; Oakland (APP) 0 - Bluefield 0 |
| BOTTOM OF THE 2ND |
|
Bluefield Blue Jays batting - Pitching for Oakland (APP) Athletics : RHP Paul Olson
|
|
Batting: RHB Benedikt Fleischmann
|
0-0: Called Strike 0-1: Called Strike 0-2: SOLO HOME RUN (Flyball, 7D, EV 98.1 MPH), Distance : 396 ft
|
|
Batting: SHB Miguel Sano Jr.
|
0-0: Called Strike 0-1: Ball 1-1: SINGLE (Groundball, 4MS, EV 66.9 MPH) (infield hit)
|
|
Batting: RHB Jerry Perez
|
0-0: Ball 1-0: Called Strike 1-1: Foul Ball, location: 2F 1-2: Strikes out swinging
|
|
Batting: RHB Hanley Hernandez
|
0-0: Foul Ball, location: 2F 0-1: Called Strike 0-2: Strikes out swinging
|
|
Batting: LHB Edwin Esparza
|
0-0: Ball 1-0: Swinging Strike 1-1: Ball 2-1: Called Strike 2-2: Ball 3-2: SINGLE (Flyball, 89S, EV 92.5 MPH) Miguel Sano Jr. to second Miguel Sano Jr. to third
|
|
Batting: SHB Toby Patenaude
|
0-0: Called Strike 0-1: Foul Ball, location: 2F 0-2: Strikes out swinging
|
| Bottom of the 2nd over - 1 run, 3 hits, 0 errors, 2 left on base; Oakland (APP) 0 - Bluefield 1 |
| TOP OF THE 3RD |
|
Oakland (APP) Athletics batting - Pitching for Bluefield Blue Jays : RHP Bryan Rystrom
|
|
Batting: RHB Dave Villarreal
|
0-0: Foul Ball, location: 2F 0-1: Foul Ball, location: 2F 0-2: Foul Ball, location: 2F 0-2: SINGLE (Groundball, 6D, EV 99.4 MPH)
|
|
Batting: RHB Gabe Secundino
|
0-0: Ball 1-0: Foul Ball, location: 2F 1-1: Called Strike 1-2: Fly out, F8 (Flyball, 8LXD, EV 85.6 MPH)
|
|
Batting: LHB Diego Vega
|
0-0: Foul Ball, location: 2F 0-1: Ball 1-1: Ball 2-1: Called Strike 2-2: Ball 3-2: Foul Ball, location: 2F 3-2: Fly out, F8 (Flyball, 8RM, EV 84.4 MPH)
|
|
Batting: RHB Phoctor Dill
|
0-0: Ball 1-0: Swinging Strike 1-1: Ball 2-1: Called Strike 2-2: Ball 3-2: Base on Balls Dave Villarreal to second
|
|
Batting: LHB Ben Landry
|
0-0: Ground out 4-3 (Groundball, 34D, EV 108.1 MPH)
|
| Top of the 3rd over - 0 runs, 1 hit, 0 errors, 2 left on base; Oakland (APP) 0 - Bluefield 1 |
| BOTTOM OF THE 3RD |
|
Bluefield Blue Jays batting - Pitching for Oakland (APP) Athletics : RHP Paul Olson
|
|
Batting: RHB Mark Noftall
|
0-0: Ball 1-0: Foul Ball, location: 2F 1-1: Ball 2-1: Ball 3-1: Base on Balls
|
|
Batting: RHB Cedric Nicholls
|
0-0: Ball Mark Noftall steals 2nd base 1-0: Swinging Strike 1-1: Called Strike 1-2: Ball 2-2: Strikes out swinging
|
|
Batting: RHB Tom Bergman
|
0-0: Ball Mark Noftall steals 3rd base 1-0: Ball 2-0: Called Strike 2-1: Foul Ball, location: 2F 2-2: SINGLE (Line Drive, 9LS, EV 113.8 MPH) Mark Noftall scores
|
|
Batting: RHB Benedikt Fleischmann
|
0-0: Ball 1-0: Swinging Strike 1-1: Ball 2-1: Ball 3-1: Base on Balls Tom Bergman to second
|
|
Batting: SHB Miguel Sano Jr.
|
0-0: Fly out, F6 (Popup, 6D, EV 60.0 MPH)
|
|
Batting: RHB Jerry Perez
|
0-0: Called Strike 0-1: Ball 1-1: Swinging Strike 1-2: Strikes out swinging
|
| Bottom of the 3rd over - 1 run, 1 hit, 0 errors, 2 left on base; Oakland (APP) 0 - Bluefield 2 |
| TOP OF THE 4TH |
|
Oakland (APP) Athletics batting - Pitching for Bluefield Blue Jays : RHP Bryan Rystrom
|
|
Batting: RHB Pete Goerge
|
0-0: Foul Ball, location: 2F 0-1: Called Strike 0-2: Ball 1-2: Strikes out looking
|
|
Batting: RHB Toyohiko Nakajima
|
0-0: Fly out, F9 (Flyball, 89S, EV 80.0 MPH)
|
|
Batting: SHB Raul Herrera
|
0-0: Called Strike 0-1: Ground out 4-3 (Groundball, 4, EV 78.1 MPH)
|
| Top of the 4th over - 0 runs, 0 hits, 0 errors, 0 left on base; Oakland (APP) 0 - Bluefield 2 |
| BOTTOM OF THE 4TH |
|
Bluefield Blue Jays batting - Pitching for Oakland (APP) Athletics : RHP Paul Olson
|
|
Batting: RHB Hanley Hernandez
|
0-0: Called Strike 0-1: Called Strike 0-2: Ball 1-2: Ball 2-2: Strikes out looking
|
|
Batting: LHB Edwin Esparza
|
0-0: Called Strike 0-1: Foul Ball, location: 2F 0-2: Ball 1-2: Foul Ball, location: 2F 1-2: SOLO HOME RUN (Flyball, 9D, EV 98.1 MPH), Distance : 382 ft
|
|
Batting: SHB Toby Patenaude
|
0-0: Called Strike 0-1: Foul Ball, location: 2F 0-2: Strikes out looking
|
|
Batting: RHB Mark Noftall
|
0-0: Called Strike 0-1: Foul Ball, location: 2F 0-2: Foul Ball, location: 2F 0-2: Ball 1-2: Ball 2-2: Foul Ball, location: 2F 2-2: Ball 3-2: Fly out, F7 (Flyball, 7, EV 88.1 MPH)
|
| Bottom of the 4th over - 1 run, 1 hit, 0 errors, 0 left on base; Oakland (APP) 0 - Bluefield 3 |
| TOP OF THE 5TH |
|
Oakland (APP) Athletics batting - Pitching for Bluefield Blue Jays : RHP Bryan Rystrom
|
|
Batting: LHB Bryan Hodensack
|
0-0: Called Strike 0-1: Swinging Strike 0-2: Foul Ball, location: 2F 0-2: Foul Ball, location: 2F 0-2: Ball 1-2: Ball 2-2: Strikes out swinging
|
|
Batting: RHB Dave Villarreal
|
0-0: Ball 1-0: Ball 2-0: Called Strike 2-1: Foul Ball, location: 2F 2-2: Foul Ball, location: 2F 2-2: Ground out 5-3 (Groundball, 56S, EV 91.9 MPH)
|
|
Batting: RHB Gabe Secundino
|
0-0: Ball 1-0: Called Strike 1-1: Foul Ball, location: 2F 1-2: Ball 2-2: Strikes out swinging
|
| Top of the 5th over - 0 runs, 0 hits, 0 errors, 0 left on base; Oakland (APP) 0 - Bluefield 3 |
| BOTTOM OF THE 5TH |
|
Bluefield Blue Jays batting - Pitching for Oakland (APP) Athletics : RHP Paul Olson
|
|
Pitching: RHP Albie Cisneros
|
|
|
Batting: RHB Cedric Nicholls
|
0-0: Foul Ball, location: 2F 0-1: Foul Ball, location: 2F 0-2: Ball 1-2: Strikes out swinging
|
|
Batting: RHB Brandon Williams
|
0-0: Ball 1-0: Foul Ball, location: 2F 1-1: Called Strike 1-2: Ball 2-2: Fly out, F6 (Popup, 5D, EV 46.9 MPH)
|
|
Batting: RHB Benedikt Fleischmann
|
0-0: Ground out 4-3 (Groundball, 34, EV 81.9 MPH)
|
| Bottom of the 5th over - 0 runs, 0 hits, 0 errors, 0 left on base; Oakland (APP) 0 - Bluefield 3 |
| TOP OF THE 6TH |
|
Oakland (APP) Athletics batting - Pitching for Bluefield Blue Jays : RHP Bryan Rystrom
|
|
Batting: LHB Diego Vega
|
0-0: Ball 1-0: Ball 2-0: Foul Ball, location: 2F 2-1: Foul Ball, location: 2F 2-2: Foul Ball, location: 2F 2-2: Ball 3-2: SINGLE (Groundball, 34D, EV 102.5 MPH)
|
|
Batting: RHB Phoctor Dill
|
0-0: Ball 1-0: Called Strike 1-1: Ball 2-1: Ball 3-1: Foul Ball, location: 2F 3-2: Fly out, F9 (Flyball, 89M, EV 77.5 MPH)
|
|
Pitching: RHP Josh Long
|
|
|
Batting: LHB Ben Landry
|
0-0: Ball 1-0: Ball 2-0: Foul Ball, location: 2F 2-1: Called Strike 2-2: Foul Ball, location: 2F 2-2: Strikes out swinging Diego Vega is caught stealing 2nd base 2-6 Batter strikes out.
|
| Top of the 6th over - 0 runs, 1 hit, 0 errors, 0 left on base; Oakland (APP) 0 - Bluefield 3 |
| BOTTOM OF THE 6TH |
|
Bluefield Blue Jays batting - Pitching for Oakland (APP) Athletics : RHP Albie Cisneros
|
|
Batting: SHB Miguel Sano Jr.
|
0-0: Swinging Strike 0-1: Foul Ball, location: 2F 0-2: Ball 1-2: Strikes out swinging
|
|
Batting: RHB Jerry Perez
|
0-0: Ball 1-0: Ball 2-0: Ground out 5-3 (Groundball, 56, EV 86.2 MPH)
|
|
Batting: RHB Hanley Hernandez
|
0-0: Ball 1-0: Ball 2-0: Ground out 6-3 (Groundball, 6S, EV 81.9 MPH)
|
| Bottom of the 6th over - 0 runs, 0 hits, 0 errors, 0 left on base; Oakland (APP) 0 - Bluefield 3 |
| TOP OF THE 7TH |
|
Oakland (APP) Athletics batting - Pitching for Bluefield Blue Jays : RHP Josh Long
|
|
Batting: RHB Pete Goerge
|
0-0: Ball 1-0: Ball 2-0: Foul Ball, location: 2F 2-1: Swinging Strike 2-2: Strikes out swinging
|
|
Batting: RHB Toyohiko Nakajima
|
0-0: Called Strike 0-1: Called Strike 0-2: Foul Ball, location: 2F 0-2: Foul Ball, location: 2F 0-2: Strikes out swinging
|
|
Batting: SHB Raul Herrera
|
0-0: Foul Ball, location: 2F 0-1: Ball 1-1: SINGLE (Groundball, 6MS, EV 68.8 MPH) (infield hit)
|
|
Batting: LHB Bryan Hodensack
|
0-0: Ball 1-0: Ball Raul Herrera is caught stealing 2nd base 2-6
|
| Top of the 7th over - 0 runs, 1 hit, 0 errors, 0 left on base; Oakland (APP) 0 - Bluefield 3 |
| BOTTOM OF THE 7TH |
|
Bluefield Blue Jays batting - Pitching for Oakland (APP) Athletics : RHP Albie Cisneros
|
|
Batting: LHB Edwin Esparza
|
0-0: Ball 1-0: Ball 2-0: Ball 3-0: Base on Balls
|
|
Batting: SHB Toby Patenaude
|
0-0: Called Strike 0-1: Ball 1-1: Ball 2-1: Fly out, F7 (Line Drive, 7, EV 85.6 MPH)
|
|
Pitching: RHP Luis Stuit
|
|
|
Batting: RHB Mark Noftall
|
0-0: Ball 1-0: Foul Ball, location: 2F 1-1: Foul Ball, location: 2F 1-2: Ball 2-2: Foul Ball, location: 2F 2-2: Strikes out swinging
|
|
Batting: RHB Cedric Nicholls
|
0-0: Foul Ball, location: 2F 0-1: Foul Ball, location: 2F 0-2: Ball 1-2: Strikes out swinging
|
| Bottom of the 7th over - 0 runs, 0 hits, 0 errors, 1 left on base; Oakland (APP) 0 - Bluefield 3 |
| TOP OF THE 8TH |
|
Oakland (APP) Athletics batting - Pitching for Bluefield Blue Jays : RHP Josh Long
|
|
Batting: LHB Bryan Hodensack
|
0-0: Called Strike 0-1: Ball 1-1: Ball 2-1: Foul Ball, location: 2F 2-2: Ground out 4-3 (Groundball, 4S, EV 82.5 MPH)
|
|
Batting: RHB Dave Villarreal
|
0-0: Ball 1-0: Called Strike 1-1: Ball 2-1: Swinging Strike 2-2: Foul Ball, location: 2F 2-2: Ball 3-2: Strikes out looking
|
|
Batting: RHB Gabe Secundino
|
0-0: Called Strike 0-1: Called Strike 0-2: Strikes out swinging
|
| Top of the 8th over - 0 runs, 0 hits, 0 errors, 0 left on base; Oakland (APP) 0 - Bluefield 3 |
| BOTTOM OF THE 8TH |
|
Bluefield Blue Jays batting - Pitching for Oakland (APP) Athletics : RHP Luis Stuit
|
|
Batting: RHB Brandon Williams
|
0-0: Ball 1-0: Foul Ball, location: 2F 1-1: Ball 2-1: Foul Ball, location: 2F 2-2: Ball 3-2: Ground out 6-3 (Groundball, 6, EV 84.4 MPH)
|
|
Batting: RHB Benedikt Fleischmann
|
0-0: Ball 1-0: Ground out 6-3 (Groundball, 6, EV 83.1 MPH)
|
|
Batting: SHB Miguel Sano Jr.
|
0-0: Ball 1-0: Foul Ball, location: 2F 1-1: Called Strike 1-2: Ball 2-2: Foul Ball, location: 2F 2-2: Foul Ball, location: 2F 2-2: Strikes out swinging
|
| Bottom of the 8th over - 0 runs, 0 hits, 0 errors, 0 left on base; Oakland (APP) 0 - Bluefield 3 |
| TOP OF THE 9TH |
|
Oakland (APP) Athletics batting - Pitching for Bluefield Blue Jays : RHP Josh Long
|
|
Pitching: LHP Jim Sabin
|
|
|
Batting: LHB Diego Vega
|
0-0: Ball 1-0: Foul Ball, location: 2F 1-1: Ball 2-1: Ground out 4-3 (Groundball, 4MS, EV 83.8 MPH)
|
|
Batting: RHB Phoctor Dill
|
0-0: Foul Ball, location: 2F 0-1: Ball 1-1: Ground out 5-3 (Groundball, 5L, EV 97.5 MPH)
|
|
Batting: LHB Ben Landry
|
0-0: Foul Ball, location: 2F 0-1: SINGLE (Flyball, 6D, EV 86.9 MPH)
|
|
Batting: RHB Pete Goerge
|
0-0: Called Strike 0-1: Swinging Strike 0-2: Ball 1-2: Strikes out looking
|
| Top of the 9th over - 0 runs, 1 hit, 0 errors, 1 left on base; Oakland (APP) 0 - Bluefield 3 |
|